 Dungeon Crawl Stone Soup version 0.30-b1-2-g02819fbbbe (webtiles) character file.

Game seed: 17909058265815744539

10160 LLlMATKO the Fighter (level 11, -6/102 HPs)
             Began as a Minotaur Berserker on May 21, 2023.
             Was a High Priest of Trog.
             Mangled by a ten-headed hydra (11 damage)
             ... on level 10 of the Dungeon.
             The game lasted 00:10:50 (9444 turns).

LLlMATKO the Fighter (Minotaur Berserker)           Turns: 9444, Time: 00:10:50

Health: -6/102     AC: 26    Str: 24    XL:     11   Next: 32%
Magic:  10/10      EV:  8    Int:  4    God:    Trog [*****.]
Gold:   668        SH:  0    Dex: 12    Spells: 10/10 levels left

rFire   . . .        Q - +6 broad axe (freeze)
rCold   + . .        (no shield)
rNeg    . . .        R - +1 crystal plate armour
rPois   +            (helmet restricted)
rElec   .            D - +0 cloak
rCorr   .            M - +0 pair of gloves of Spite {Regen+}
SInv    .            u - +0 pair of boots
Will    .....        (no amulet) Stlth
                     b - ring of protection from cold
HPRegen 1.17/turn    v - ring of poison resistance
MPRegen 0.12/turn

%: no passive effects
@: on berserk cooldown
A: horns 2, retaliatory headbutt
a: Renounce Religion, Berserk, Trog's Hand, Brothers in Arms


You were on level 10 of the Dungeon.
You worshipped Trog.
Trog was extremely pleased with you.
You visited 1 branch of the dungeon, and saw 10 of its levels.
You also visited: Sewer and Bailey.

You collected 668 gold pieces.

Inventory:

Hand Weapons
 h - a +3 hand axe of electrocution
 Q - a +6 broad axe of freezing (weapon)
Missiles
 e - 48 poisoned darts (quivered)
 q - 5 atropa-tipped darts
 F - a throwing net
 L - 14 boomerangs
Armour
 u - a +0 pair of boots (worn)
 D - a +0 cloak (worn)
 M - the +0 pair of gloves of Spite (worn) {Regen+}
   (You acquired it in a bailey)

   Regen:     It increases your rate of health regeneration.
 R - a +1 crystal plate armour (worn)
Jewellery
 b - a ring of protection from cold (left hand)
 f - a ring of ice
 v - a ring of poison resistance (right hand)
 B - a +6 ring of strength
 G - a ring of resist corrosion
 J - a ring of protection from fire
Wands
 t - a wand of flame (28)
 y - a wand of paralysis (27)
 z - a wand of mindburst (21)
Scrolls
 c - 5 scrolls of identify
 j - 8 scrolls of teleportation
 k - 3 scrolls of poison {unknown}
 l - a scroll of amnesia {unknown}
 n - 3 scrolls of enchant armour
 o - a scroll of blinking
 E - a scroll of fear
 K - 2 scrolls of magic mapping
Potions
 a - 4 potions of berserk rage
 d - a potion of mutation {unknown}
 g - 2 potions of heal wounds {unknown}
 i - 2 potions of lignification {unknown}
 m - 3 potions of curing
 p - a potion of flight {unknown}
 r - a potion of resistance {unknown}
 s - 4 potions of brilliance {unknown}
 w - a potion of ambrosia {unknown}
 A - 2 potions of degeneration {unknown}
 H - 2 potions of might {unknown}
 I - a potion of invisibility {unknown}


   Skills:
 + Level 11.3 Fighting
 + Level 11.3 Axes
 + Level 11.1 Armour
 + Level 10.1 Dodging


You had 10 spell levels left.
You didn't know any spells.
Your spell library was empty.

Dungeon Overview and Level Annotations

Branches:
Dungeon (10/15)            Temple (0/1) D:7            Lair (0/5) D:9
  Sewer (visited)          Bailey (visited)
    Orc: D:9-12

Altars:
Fedhas
Hepliaklqana
Qazlal
Trog
Wu Jian
Yredelemnul

Shops:
D:6 ?=


Innate Abilities, Weirdness & Mutations

You have a pair of horns on your head.
You reflexively headbutt those who attack you in melee.


Message History

The nine-headed hydra bites you but does no damage.
The nine-headed hydra bites you. x2
The nine-headed hydra bites you but does no damage. x3
The orc hits you but does no damage.
The two-headed ogre hits you with a +0 giant spiked club!
* * * LOW HITPOINT WARNING * * *
The two-headed ogre barely misses you.
Unknown command.
Unknown command.
Unknown command.
You are too confused!
You barely miss the nine-headed hydra. You headbutt the nine-headed hydra.
The nine-headed hydra is lightly wounded.
You slash the two-headed ogre! You freeze the two-headed ogre.
The nine-headed hydra bites you but does no damage.
The nine-headed hydra bites you!
* * * LOW HITPOINT WARNING * * *
The nine-headed hydra bites you but does no damage.
The nine-headed hydra bites you.
* * * LOW HITPOINT WARNING * * *
The nine-headed hydra bites you but does no damage. x2
The nine-headed hydra barely misses you.
The nine-headed hydra bites you but does no damage.
The nine-headed hydra bites you.
* * * LOW HITPOINT WARNING * * *
The orc hits you from afar with a +0 trident.
* * * LOW HITPOINT WARNING * * *
Unknown command.
Unknown command.
Unknown command.
You chop one of the nine-headed hydra's heads off!
The eight-headed hydra grows two more!
You hit the ten-headed hydra. You freeze the ten-headed hydra.
You headbutt the ten-headed hydra!
The ten-headed hydra is moderately wounded.
You barely miss the two-headed ogre.
You feel less confused.
The ten-headed hydra barely misses you. x3
The ten-headed hydra bites you but does no damage.
The ten-headed hydra bites you!
You die...

.....#..........
+###.##.........
#.#.......##.
#.#.####### #
#...# #..## #
#..#
.###.#######..#
......O@......#
.....oD.......#
###############


You could see a ten-headed hydra, a two-headed ogre and an orc.

Vanquished Creatures
  An orc warlord (Bailey)
  A two-headed ogre (D:9)
  Maurice (D:8)
  A rime drake (D:9)
  A troll (D:9)
  A polar bear (D:9)
  A slime creature (D:10)
  A shadow (D:10)
  13 yaks
  A wyvern (D:7)
  A steam dragon (D:8)
  Duvessa (D:4)
  2 water moccasins
  17 orc warriors
  Pargi (Sewer)
  A sky beast (D:7)
  4 ice beasts
  A black bear (D:5)
  2 wolves (D:9)
  A boggart (D:10)
  2 ogres
  Blork the orc (D:4)
  4 phantoms
  3 kobold brigands
  2 gnoll sergeants (D:5)
  A bullfrog (D:9)
  A scorpion (D:4)
  3 wights (D:8)
  Dowan (D:4)
  6 killer bees
  A howler monkey (D:5)
  5 hounds
  6 orc priests
  2 jellies (D:5)
  A sleepcap (D:5)
  6 orc wizards
  2 iguanas
  Natasha (thrice) (D:2)
  14 gnolls
  4 adders
  2 shadow imps
  A white imp (D:6)
  4 worms
  2 dart slugs
  48 orcs
  14 bats
  7 endoplasms
  A giant cockroach (D:4)
  13 goblins
  20 hobgoblins
  8 jackals
  10 quokkas
  8 ball pythons
  5 frilled lizards
  22 kobolds
  13 rats
299 creatures vanquished.

Vanquished Creatures (others)
  5 plants (D:10)
5 creatures vanquished.

Grand Total: 304 creatures vanquished

Notes
Turn   | Place    | Note
-------+----------+-------------------------------------------
     0 | D:1      | LLlMATKO the Minotaur Berserker began the quest for the
                  | Orb.
     0 | D:1      | Reached XP level 1. HP: 19/19 MP: 0/0
    71 | D:1      | Reached XP level 2. HP: 18/27 MP: 1/1
   238 | D:1      | Reached ** piety under Trog
   284 | D:1      | Reached XP level 3. HP: 33/33 MP: 2/2
   710 | D:2      | Noticed Natasha
   716 | D:2      | Killed Natasha
   717 | D:2      | Reached XP level 4. HP: 30/41 MP: 3/3
   947 | D:2      | Found a stormy altar of Qazlal.
  1068 | D:2      | Noticed Natasha
  1083 | D:2      | Killed Natasha
  1137 | D:2      | Noticed Natasha
  1141 | D:2      | Killed Natasha
  1142 | D:2      | Reached XP level 5. HP: 47/47 MP: 4/4
  1478 | D:3      | Found a glowing drain.
  1504 | Sewer    | Entered a sewer
  1507 | Sewer    | Reached *** piety under Trog
  1537 | Sewer    | Noticed Pargi
  1543 | Sewer    | Killed Pargi
  1544 | Sewer    | Reached skill level 5 in Fighting
  1544 | Sewer    | Reached skill level 5 in Axes
  1544 | Sewer    | Reached XP level 6. HP: 51/56 MP: 5/5
  2280 | D:4      | Found a bloodstained altar of Trog.
  2280 | D:4      | Noticed Duvessa
  2280 | D:4      | Noticed Dowan
  2286 | D:4      | Killed Duvessa
  2287 | D:4      | Reached skill level 5 in Armour
  2289 | D:4      | Killed Dowan
  2290 | D:4      | Reached XP level 7. HP: 54/62 MP: 6/6
  2600 | D:4      | Noticed Blork the orc
  2607 | D:4      | Killed Blork the orc
  2855 | D:4      | Reached **** piety under Trog
  2874 | D:4      | Reached skill level 5 in Dodging
  3176 | D:5      | Entered Level 5 of the Dungeon
  3598 | D:5      | Reached XP level 8. HP: 65/71 MP: 7/7
  5085 | D:6      | Found The Oracle's Delphic Readings.
  5323 | D:6      | Found Ricuen's Jewellery Shoppe.
  5882 | D:7      | Found a staircase to the Ecumenical Temple.
  6060 | D:7      | Reached XP level 9. HP: 20/81 MP: 8/8
  6069 | D:7      | HP: 1/123 [yak (13)]
  6826 | D:8      | Noticed Maurice
  6851 | D:8      | Killed Maurice
  7094 | D:8      | Reached XP level 10. HP: 83/91 MP: 9/9
  7547 | D:8      | Reached ***** piety under Trog
  7690 | D:9      | Found a flagged portal.
  7712 | Bailey   | Entered a bailey
  7978 | Bailey   | Reached skill level 10 in Fighting
  7978 | Bailey   | Reached skill level 10 in Axes
  7978 | Bailey   | Noticed an orc warlord
  7989 | Bailey   | Killed an orc warlord
  7990 | Bailey   | Reached skill level 10 in Armour
  8402 | Bailey   | Identified the staff of conjuration "Plog" {Dex+7}
  8415 | Bailey   | Acquired a +0 crystal plate armour
  8420 | Bailey   | Acquired the +0 pair of gloves of Spite {Regen+}
  8604 | D:9      | Found a staircase to the Lair.
  8690 | D:9      | Found a blossoming altar of Fedhas.
  8704 | D:9      | Found an ornate altar of the Wu Jian Council.
  8739 | D:9      | Found a hazy altar of Hepliaklqana.
  8745 | D:9      | Reached XP level 11. HP: 88/101 MP: 10/10
  8759 | D:9      | Found a basalt altar of Yredelemnul.
  8858 | D:9      | Noticed a two-headed ogre
  8864 | D:9      | Killed a two-headed ogre
  9230 | D:10     | Entered Level 10 of the Dungeon
  9382 | D:10     | Reached skill level 10 in Dodging
  9432 | D:10     | Noticed a two-headed ogre
  9433 | D:10     | Noticed a seven-headed hydra
  9443 | D:10     | HP: 4/102 [orc/+0 trident (5)]
  9444 | D:10     | Mangled by a ten-headed hydra

Illustrated notes

Levels and vault maps discovered:
D:1:      minmay_arrival_open_corners, layout_rooms, minmay_surrounded
D:2:      layout_rooms, basic_altar, minivault_23, uniq_natasha
D:3:      layout_basic, cheibrodos_sewer_entry_bend, minmay_misc_feat_square,
          kennysheep_generic_room_9
D:4:      layout_basic, trog_three_pillars_becter, uniq_duvessa,
          uniq_blork_the_orc
D:5:      layout_loops_corners, chequers_jeans, minmay_small_thing
D:6:      layout_layer_cave, serial_shops, nicolae_shop_real_fake_doors,
          nicolae_nh_oracle_at_delphi
D:7:      layout_loops_ring, minmay_temple_entry_mini_moons
D:8:      layout_loops_ring, dk_noncrumbling_2, hangedman_decor_lopped,
          corner_web_ring, uniq_maurice
D:9:      layout_rooms, grunt_temple_overflow_cloverleaf,
          hellmonk_lair_entry_icy, serial_curves, eino_curves_01,
          eino_curves_01, eino_curves_03, enter_bailey_5
D:10:     layout_rooms, minmay_shattered_shrine

Skill      XL: |  1  2  3  4  5  6  7  8  9 10 11 |
---------------+----------------------------------+-----
Fighting       | 4 5 6 8 9 10 11 | 11.3
Axes           | 4 5 6 8 9 10 11 | 11.3
Armour         | 3 4 5 6 7 9 10 11 | 11.1
Dodging        | 3 4 5 6 8 9 10 | 10.1

Action                     |  1- 3 |  4- 6 |  7- 9 | 10-12 || total
---------------------------+-------+-------+-------+-------++-------
  Melee: Hand axe          |    67 |   137 |   277 |   123 ||   604
         Headbutt          |    13 |    19 |    49 |    45 ||   126
         Punch             |     1 |       |     2 |     2 ||     5
         Broad axe         |       |       |       |    88 ||    88
  Throw: Dart              |     5 |       |       |       ||     5
 Invoke: Berserk           |       |     3 |     3 |     4 ||    10
    Use: Scroll            |       |     2 |       |    13 ||    15
 Armour: Animal skin       |     6 |       |       |       ||     6
         Plate armour      |     4 |   102 |   124 |    54 ||   284
         Crystal plate arm |       |       |       |   101 ||   101
  Dodge: Dodged            |    44 |    63 |    85 |    90 ||   282
